 Dungeon Crawl Stone Soup version 0.31-a0-986-g5e6e4ef867 (webtiles) character file.

Game seed: 3698923781774665526

18338 pokeman the Eclecticist (level 12, -8/66 HPs)
             Began as a Deep Elf Hedge Wizard on Nov 7, 2023.
             Was a Priest of Vehumet.
             Mangled by a quicksilver ooze (19 damage)
             ... in a Gauntlet.
             The game lasted 00:40:48 (12684 turns).

pokeman the Eclecticist (Deep Elf Hedge Wizard)    Turns: 12684, Time: 00:40:49

Health: -8/66      AC:  9    Str:  7    XL:     12   Next: 26%
Magic:  0/34       EV: 12    Int: 31    God:    Vehumet [***...]
Gold:   370        SH:  0    Dex: 14    Spells: 28/44 levels left

rFire   + . .        h - +1 dagger (elec)
rCold   . . .        (no shield)
rNeg    . . .        U - +2 leather armour {rF+}
rPois   +            Y - +0 helmet {SInv}
rElec   .            t - +0 cloak
rCorr   .            S - +0 pair of gloves
SInv    +            (no boots)
Will    +....        F - amulet of regeneration
Stlth   ++           G - +6 ring of intelligence
HPRegen 1.11/turn    P - ring of poison resistance
MPRegen 0.24/turn

%: no teleportation
@: brilliant, engulfed (cannot breathe)
A: no striking features
a: Renounce Religion


You were in a Gauntlet.
You worshipped Vehumet.
Vehumet was most pleased with you.
You visited 2 branches of the dungeon, and saw 12 of its levels.
You also visited: Sewer and Gauntlet.

You collected 411 gold pieces.
You spent 41 gold pieces at shops.

Inventory:

Hand Weapons
 h - a +1 dagger of electrocution (weapon)
 s - a +4 quarterstaff of chaos
 v - a +2 mace of pain
Missiles
 E - a throwing net
 N - 4 curare-tipped darts
Armour
 t - a +0 cloak (worn)
 H - a +0 buckler
 S - a +0 pair of gloves (worn)
 T - an orb of energy
 U - a +2 leather armour of fire resistance (worn)
 Y - a +0 helmet of see invisible (worn)
Magical Staves
 r - a staff of poison
Jewellery
 o - a ring of willpower
 z - a +4 ring of protection
 F - an amulet of regeneration (around neck)
 G - a +6 ring of intelligence (left hand)
 L - a ring of positive energy
 P - a ring of poison resistance (right hand)
 Q - a +6 ring of strength
 V - a ring of flight
Wands
 u - a wand of charming (3)
 y - a wand of mindburst (8)
 M - a wand of flame (7)
 O - a wand of polymorph (17)
 X - a wand of digging (8)
Scrolls
 c - a scroll of brand weapon
 e - 6 scrolls of teleportation
 f - 2 scrolls of poison
 i - 2 scrolls of enchant armour
 l - 7 scrolls of blinking
 m - 4 scrolls of vulnerability
 w - a scroll of silence {unknown}
 A - 6 scrolls of immolation {unknown}
 I - a scroll of torment {unknown}
 K - 3 scrolls of amnesia {unknown}
 R - a scroll of enchant weapon {unknown}
 W - 3 scrolls of revelation {unknown}
Potions
 a - a potion of invisibility {unknown}
 d - a potion of magic
 g - 3 potions of brilliance
 j - 2 potions of lignification {unknown}
 k - 4 potions of might {unknown}
 n - 4 potions of heal wounds {unknown}
 q - 3 potions of attraction {unknown}
 x - 4 potions of haste {unknown}
 B - a potion of enlightenment {unknown}
 C - 3 potions of curing {unknown}
 D - a potion of mutation {unknown}
 J - a potion of berserk rage {unknown}
Miscellaneous
 b - a condenser vane (inert)


   Skills:
 - Level 4.0 Fighting
 - Level 5.0 Armour
 - Level 4.0 Dodging
 - Level 3.0 Stealth
 + Level 2.7 Shields
 * Level 16.9 Spellcasting
 + Level 10.1 Conjurations
 - Level 1.1 Summonings
 - Level 1.0 Necromancy
 - Level 1.1 Translocations
 + Level 9.4 Fire Magic
 - Level 1.1 Air Magic
 - Level 1.1 Poison Magic
 - Level 1.1 Evocations


You had 28 spell levels left.
You knew the following spells:

 Your Spells              Type           Power      Damage    Failure   Level
a - Magic Dart            Conj           100%       1d8       1%          1
b - Mephitic Cloud        Conj/Pois/Air  67%        N/A       1%          3
c - Call Imp              Summ           98%        N/A       2%          2
d - Blink                 Tloc           98%        N/A       2%          2
e - Iskenderun's Mystic   Conj/Tloc      75%        2d15      1%          4
f - Flame Wave            Conj/Fire      92%        2d19      1%          4

Your spell library contained the following spells:

 Spells                   Type           Power      Damage    Failure   Level
 Brom's Barrelling Bould  Conj/Erth      72%        2d9       1%          4
 Apportation              Tloc           98%        N/A       1%          1
 Necrotise                Necr           100%       1d9       1%          1
 Shock                    Conj/Air       100%       1d9       1%          1
 Summon Small Mammal      Summ           100%       N/A       1%          1
 Momentum Strike          Conj/Tloc      100%       3d10      1%          2
 Scorch                   Fire           100%       2d9       1%          2
 Slow                     Hex            100%       N/A       2%          1
 Cigotuvi's Dreadful Rot  Necr/Pois/Air  98%        N/A       2%          2
 Lesser Beckoning         Tloc           98%        N/A       2%          2
 Sublimation of Blood     Necr           49%        N/A       2%          2
 Wereblood                Tmut           39%        N/A       3%          2
 Call Canine Familiar     Summ           49%        N/A       4%          3
 Swiftness                Air            49%        N/A       4%          3
 Airstrike                Air            24%        2d(4-20)  4%          4
 Sigil of Binding         Hex            39%        N/A       7%          3
 Tukima's Dance           Hex            39%        N/A       7%          3
 Dimensional Bullseye     Hex/Tloc       22%        N/A       19%         4
 Leda's Liquefaction      Hex/Erth       19%        N/A       22%         4
 Summon Cactus Giant      Summ           24%        N/A       91%         6
 Summon Hydra             Summ           24%        N/A       100%        7


Dungeon Overview and Level Annotations

Branches:
Dungeon (11/15)            Temple (1/1) D:7            Lair (0/5) D:10
    Orc (0/2) D:11          Sewer (visited)         Gauntlet (1/1)

Altars:
Ashenzari
Cheibriados
Dithmenos
Elyvilon
Fedhas
Gozag
Hepliaklqana
Kikubaaqudgha
Makhleb
Nemelex Xobeh
Okawaru
Qazlal
Ru
Sif Muna
Trog
Uskayaw
Vehumet
Wu Jian
Xom
Yredelemnul
Zin
The Shining One

Shops:
D:2 *   D:3 *   D:4 [   D:10 (

Annotations:
Gauntlet 9 transporters


Message History

You enter the transporter and appear at another place.
The quicksilver ooze hits you! The quicksilver ooze engulfs you!
The quicksilver ooze hits you.
You feel your power leaking away.
You slip free of the ooze engulfing you.
You gasp with relief as air once again reaches your lungs.
The quicksilver ooze attacks as it pursues you!
The quicksilver ooze hits you. The quicksilver ooze engulfs you!
The quicksilver ooze hits you.
You feel your power leaking away. The quicksilver ooze hits you! x2
You feel your power leaking away.
Unknown command.
You cannot cast spells while unable to breathe!
Okay, then.
You cannot read scrolls while unable to breathe!
Aiming: Charm
Press: ? - help, Shift-Dir - straight line, f - quicksilver ooze
Aim: a quicksilver ooze (infinite will)
Okay, then.
Unknown command.
Aiming: Polymorph
Press: ? - help, Shift-Dir - straight line, f - quicksilver ooze
Aim: a quicksilver ooze (infinite will)
Okay, then.
Unknown command.
Unknown command.
Clouds condense from the air!
The condenser dries out!
* * * LOW HITPOINT WARNING * * *
Your lungs strain for air!
The quicksilver ooze hits you. x2
* * * LOW HITPOINT WARNING * * *
You feel your power leaking away.
Unknown command.
It was a potion of brilliance.
You feel clever all of a sudden.
* * * LOW HITPOINT WARNING * * *
Your lungs strain for air!
The quicksilver ooze hits you!!
You die...

#..###########...########
8#..##.......##...###.#zzz
##..#.#.....#.#...###.##z#
..#..#...#..#...#.......
..#...#©#...#...#..#.##©
..#....#....#...#.##.##z
..#...#§#...#...#....z.z
..#..#.J§#..#...##.##.##
..#.#..@§.#.#...#####.##
..##./[©$..##...#...z©zz
..###########...########
.....#.©.#....≈....#.©.#
...8.#...#...≈8≈...#...#
.....#.©.#....§....#.©.#
..###########...########
..#.≈W.W≈≈..#...#......w
≈..≈..≈.#...#.###...


You could see a quicksilver ooze and 2 shadows.

Vanquished Creatures
  Gastronok (D:9)
  4 two-headed ogres
  A tengu warrior (D:10)
  Nergalle (D:11)
  Amaemon (D:8)
  A sixfirhy (D:9)
  Pikel (D:9)
  Joseph (D:8)
  2 orange demons
  Jeremiah (D:8)
  A tengu conjurer (D:10)
  2 ice devils (D:10)
  4 trolls
  A hellwing (D:10)
  A red devil (D:10)
  4 shadows
  13 yaks
  4 wyverns
  A wraith (D:11)
  A ynoxinul (D:10)
  2 basilisks (D:10)
  3 vampire mosquitoes (D:11)
  2 water moccasins
  An acid dragon (D:8)
  Duvessa (D:7)
  7 orc warriors
  A sky beast (D:7)
  2 black bears
  An ogre (D:6)
  3 centaurs
  A phantom (D:5)
  3 lemures (D:9)
  6 kobold brigands
  3 scorpions
  A bullfrog (D:8)
  10 wights
  Dowan (D:7)
  3 vampire bats (D:4)
  13 killer bees
  A howler monkey (D:10)
  A quasit (D:10)
  4 hounds
  A gnoll bouda (D:7)
  8 orc priests
  4 jellies
  Crazy Yiuf (D:3)
  8 iguanas
  8 orc wizards
  Ijyb (D:4)
  11 gnolls
  4 river rats
  6 adders
  A shadow imp (D:5)
  3 white imps
  8 ufetubi
  6 worms
  A dart slug (D:4)
  37 orcs
  8 ball pythons
  2 bats (D:3)
  5 bat skeletons (D:4)
  5 endoplasms
  2 giant cockroaches
  3 goblins
  8 hobgoblins
  3 jackals (D:4)
  5 quokkas
  3 frilled lizards
  29 kobolds
  5 rats
302 creatures vanquished.

Notes
Turn   | Place    | Note
-------+----------+-------------------------------------------
     0 | D:1      | pokeman the Deep Elf Hedge Wizard began the quest for the
                  | Orb.
     0 | D:1      | Reached XP level 1. HP: 10/10 MP: 7/7
   318 | D:1      | Reached XP level 2. HP: 16/16 MP: 4/9
  1138 | D:2      | Reached skill level 5 in Spellcasting
  1150 | D:2      | Reached XP level 3. HP: 8/20 MP: 3/11
  1154 | D:2      | Learned a level 3 spell: Mephitic Cloud
  1157 | D:2      | Learned a level 2 spell: Call Imp
  1160 | D:2      | Learned a level 2 spell: Blink
  1660 | D:2      | Reached skill level 1 in Fighting
  1660 | D:2      | Reached skill level 1 in Armour
  1819 | D:2      | Found Uqaequt's Assorted Antiques.
  1823 | D:2      | Bought a scroll labelled FUNUEX SUOHOCS for 22 gold pieces
  1823 | D:2      | Bought a green potion for 19 gold pieces
  2084 | D:3      | Found Uben's General Store.
  2273 | D:3      | Found a runed translucent door.
  2274 | D:3      | Noticed Crazy Yiuf
  2549 | D:3      | Reached XP level 4. HP: 10/25 MP: 4/13
  2855 | D:3      | Killed Crazy Yiuf
  3083 | D:4      | Reached skill level 6 in Spellcasting
  3083 | D:4      | Reached XP level 5. HP: 15/29 MP: 5/15
  3100 | D:4      | Found a glowing silver altar of Zin.
  3131 | D:4      | Reached XP level 6. HP: 16/34 MP: 1/17
  3313 | D:4      | Reached skill level 7 in Spellcasting
  3402 | D:4      | Found a sparkling altar of Nemelex Xobeh.
  3495 | D:4      | Learned a level 4 spell: Iskenderun's Mystic Blast
  3500 | D:4      | Learned a level 4 spell: Flame Wave
  3530 | D:4      | Found Fem Ant's Antique Armour Boutique.
  3550 | D:4      | Noticed Ijyb
  3564 | D:4      | Killed Ijyb
  3978 | D:4      | Found a stormy altar of Qazlal.
  4175 | D:4      | Found an ancient bone altar of Kikubaaqudgha.
  4255 | D:4      | Reached skill level 1 in Necromancy
  4344 | D:5      | Entered Level 5 of the Dungeon
  4346 | D:5      | Found a glowing drain.
  4386 | Sewer    | Entered a sewer
  4496 | Sewer    | Reached skill level 1 in Fire Magic
  4558 | Sewer    | Reached skill level 1 in Air Magic
  4558 | Sewer    | Reached skill level 1 in Poison Magic
  4558 | Sewer    | Reached skill level 1 in Evocations
  4558 | Sewer    | Reached XP level 7. HP: 38/38 MP: 13/20
  5063 | D:5      | Reached skill level 8 in Spellcasting
  5224 | D:5      | Found a blossoming altar of Fedhas.
  5842 | D:5      | Reached XP level 8. HP: 44/44 MP: 19/22
  6030 | D:6      | Reached skill level 9 in Spellcasting
  6255 | D:6      | Found a bloodstained altar of Trog.
  6355 | D:6      | Found a white marble altar of Elyvilon.
  6469 | D:6      | Reached skill level 5 in Conjurations
  7044 | D:7      | Reached skill level 10 in Spellcasting
  7416 | D:7      | Found a staircase to the Ecumenical Temple.
  7428 | Temple   | Found a transporter.
  7428 | Temple   | Found a transporter.
  7428 | Temple   | Found a transporter.
  7428 | Temple   | Found a transporter.
  7428 | Temple   | Entered the Ecumenical Temple
  7451 | Temple   | Became a worshipper of Vehumet
  7599 | D:7      | Reached XP level 9. HP: 41/48 MP: 19/25
  7600 | D:7      | Noticed Duvessa
  7601 | D:7      | Noticed Dowan
  7608 | D:7      | Killed Dowan
  7608 | D:7      | Killed Duvessa
  7716 | D:7      | Reached skill level 11 in Spellcasting
  8162 | D:8      | Reached skill level 5 in Fire Magic
  8305 | D:8      | Noticed an orange demon
  8306 | D:8      | Noticed Amaemon
  8312 | D:8      | Killed an orange demon
  8321 | D:8      | Killed Amaemon
  8322 | D:8      | Reached skill level 12 in Spellcasting
  8386 | D:8      | Reached * piety under Vehumet
  8386 | D:8      | Offered knowledge of Freeze by Vehumet.
  8494 | D:8      | Reached XP level 10. HP: 44/56 MP: 19/28
  8671 | D:8      | Noticed Jeremiah
  8678 | D:8      | Killed Jeremiah
  8862 | D:8      | Noticed Joseph
  8885 | D:8      | Killed Joseph
  8886 | D:8      | Reached skill level 13 in Spellcasting
  9355 | D:9      | Noticed Pikel
  9361 | D:9      | Killed Pikel
  9548 | D:9      | Found a shimmering altar of Xom.
  9569 | D:9      | Found a burning altar of Makhleb.
  9793 | D:9      | Noticed a two-headed ogre
  9796 | D:9      | Reached ** piety under Vehumet
  9796 | D:9      | Offered knowledge of Foxfire by Vehumet.
  9814 | D:9      | Killed a two-headed ogre
  9815 | D:9      | Reached skill level 14 in Spellcasting
  9819 | D:9      | Noticed Gastronok
  9902 | D:9      | Noticed a two-headed ogre
 10057 | D:9      | Killed a two-headed ogre
 10085 | D:9      | Killed Gastronok
 10086 | D:9      | Reached XP level 11. HP: 23/61 MP: 2/31
 10241 | D:9      | Found a runed translucent door.
 10243 | D:9      | Noticed a sixfirhy
 10413 | D:9      | a cane toad changed into an entropy weaver
 10413 | D:9      | Noticed an entropy weaver (shapeshifter)
 10417 | D:9      | Found a shimmering altar of Xom.
 10417 | D:9      | Noticed a skyshark
 10418 | D:9      | Found a shimmering altar of Xom.
 10419 | D:9      | an entropy weaver changed into a hornet
 10427 | D:9      | a skyshark changed into an elephant
 10480 | D:9      | Killed a sixfirhy
 10602 | D:10     | Identified the "Ihiullo"
 10602 | D:10     | Identified the "Vuedewn"
 10602 | D:10     | Identified the "Dinaggoy"
 10602 | D:10     | Entered Level 10 of the Dungeon
 10644 | D:10     | Reached skill level 15 in Spellcasting
 10889 | D:10     | HP: 3/61 [ufetubus[a ynoxinul] (2)]
 11071 | D:10     | Offered knowledge of Hailstorm by Vehumet.
 11207 | D:10     | Noticed a tengu warrior
 11373 | D:10     | Killed a tengu warrior
 11374 | D:10     | Reached skill level 5 in Armour
 11594 | D:10     | Found a shimmering blue altar of Sif Muna.
 11657 | D:10     | Found a staircase to the Lair.
 11667 | D:10     | Reached skill level 16 in Spellcasting
 11675 | D:10     | Reached *** piety under Vehumet
 11677 | D:10     | Reached skill level 1 in Shields
 11919 | D:10     | Found an iron altar of Okawaru.
 11949 | D:10     | Found Coluf's Antique Weapon Shoppe.
 12003 | Gauntlet | Identified the "Xat Sugo"
 12003 | Gauntlet | Identified the of Tadoidi
 12056 | D:11     | Found a staircase to the Orcish Mines.
 12159 | D:11     | Noticed a two-headed ogre
 12164 | D:11     | Offered knowledge of Brom's Barrelling Boulder by Vehumet.
 12166 | D:11     | Killed a two-headed ogre
 12168 | D:11     | Reached XP level 12. HP: 56/66 MP: 28/34
 12230 | D:11     | Noticed Nergalle
 12236 | D:11     | Noticed a two-headed ogre
 12240 | D:11     | Killed Nergalle
 12249 | D:11     | Killed a two-headed ogre
 12250 | D:11     | Reached skill level 10 in Conjurations
 12250 | D:11     | Noticed a two-headed ogre
 12509 | D:11     | Found a gate leading to a gauntlet.
 12517 | Gauntlet | Entered a Gauntlet
 12517 | Gauntlet | Found a transporter.
 12517 | Gauntlet | Found a transporter.
 12517 | Gauntlet | Found a transporter.
 12521 | Gauntlet | Found a transporter.
 12521 | Gauntlet | Found a transporter.
 12526 | Gauntlet | Noticed a quicksilver ooze
 12531 | Gauntlet | Found a transporter.
 12535 | Gauntlet | Found a transporter.
 12545 | Gauntlet | Found a transporter.
 12566 | Gauntlet | Found a transporter.
 12583 | Gauntlet | Found a transporter.
 12587 | Gauntlet | Found a transporter.
 12606 | Gauntlet | Found a transporter.
 12684 | Gauntlet | Mangled by a quicksilver ooze

Illustrated notes

Levels and vault maps discovered:
D:1:      denvon_arrival_planthouse, layout_basic, nicolae_wormholes
D:2:      layout_basic, serial_shops, nicolae_shop_trees, minmay_between
D:3:      layout_basic, serial_shops, shop, uniq_crazy_yiuf_cottage
D:4:      layout_loops_ring, kennysheep_vampire_church,
          nicolae_qazlal_eye_of_the_storm, amcnicky_altar_gilded,
          mainiacjoe_overflow_chevrons, serial_shops,
          nicolae_shop_overgrown_old_shop, bh_walls_and_bars, uniq_ijyb
D:5:      layout_cave_pools, mainiacjoe_overflow_24_doors,
          cheibrodos_sewer_entry_sluice
D:6:      layout_basic, mainiacjoe_overflow_swirl
D:7:      layout_basic, minmay_temple_entry_statues_fountains,
          kennysheep_generic_room_3, uniq_duvessa
D:8:      layout_basic, uniq_jeremiah, uniq_joseph, uniq_amaemon
D:9:      cheibrodos_shockbox, layout_basic, xom_shifter_show,
          mainiacjoe_overflow_catwalk, minmay_stone_trees_small, uniq_pikel,
          uniq_gastronok
D:10:     layout_rooms, marbit_many_paths, nicolae_sif_muna_little_library,
          minmay_lair_entry_grove, serial_shops, nicolae_shop_stone,
          serial_demonic, serial_demonic_f, serial_demonic_a, serial_demonic_a,
          serial_demonic_f
D:11:     hangedman_cross_stitches, layout_basic, orc_0_dummy,
          gauntlet_entry_generic, uniq_nergalle
Temple:   hellmonk_temple_divided_pantheon
Gauntlet: gammafunk_gauntlet_hard_choice [gammafunk_gauntlet_arena_open,
          gammafunk_gauntlet_arena_spirals, nicolae_gauntlet_arena_x,
          gammafunk_gauntlet_arena_crates, nicolae_gauntlet_arena_flowing_pool,
          nicolae_gauntlet_arena_grate_2,
          nicolae_gauntlet_exit_dead_adventurers]

Skill      XL: |  1  2  3  4  5  6  7  8  9 10 11 12 |
---------------+-------------------------------------+-----
Spellcasting   | 5 6 7 8 10 12 14 16 | 16.9
Fighting       | 1 2 3 4 |  4.0
Armour         | 1 2 3 4 5 |  5.0
Conjurations   | 2 3 4 5 7 8 9 10 | 10.1
Stealth        | 3 |  3.0
Dodging        | 3 4 |  4.0
Necromancy     | 1 |  1.0
Fire Magic     | 1 2 4 6 7 9 |  9.4
Air Magic      | 1 |  1.1
Poison Magic   | 1 |  1.1
Evocations     | 1 |  1.1
Shields        | 1 2 |  2.7
Summonings     | |  1.1
Translocations | |  1.1

Action                     |  1- 3 |  4- 6 |  7- 9 | 10-12 || total
---------------------------+-------+-------+-------+-------++-------
  Melee: Dagger            |    16 |    63 |    59 |    48 ||   186
         Punch             |     1 |       |     2 |     2 ||     5
   Cast: Magic Dart        |   117 |    62 |   196 |     9 ||   384
         Mephitic Cloud    |     1 |    14 |    19 |    41 ||    75
         Call Imp          |       |     3 |       |     1 ||     4
         Blink             |       |     1 |       |     5 ||     6
         Flame Wave        |       |       |    18 |    49 ||    67
         Iskenderun's Myst |       |       |     2 |    40 ||    42
  Evoke: Wand              |       |       |       |    11 ||    11
         Condenser vane    |       |       |       |     1 ||     1
    Use: Scroll            |       |       |       |     6 ||     6
         Potion            |       |       |       |     1 ||     1
   Stab: Confused          |     1 |     7 |     6 |     1 ||    15
         Sleeping          |       |       |     1 |       ||     1
 Armour: Robe              |    12 |    39 |    79 |     9 ||   139
         Leather armour    |       |       |       |   187 ||   187
  Dodge: Dodged            |     8 |    56 |    83 |   152 ||   299

Table legend: (Time is in decaauts)
 A = Elapsed time spent in this place.
 B = Non-inter-level travel time spent in this place.
 C = Inter-level travel time spent in this place.
 D = Time resting spent in this place.
 E = Time spent auto-exploring this place.
 F = Levels seen in this place.
 G = Mean time per level.
                   A        B        C        D        E       F      G
               +--------+--------+--------+--------+--------+-----+--------+
         Total |  12761 |  12383 |    378 |    405 |   9463 |  14 |  911.5 |
       Dungeon |  11868 |  11490 |    378 |    405 |   8897 |  11 | 1078.9 |
        Temple |     40 |     40 |      0 |      0 |      0 |   1 |   40.0 |
         Sewer |    685 |    685 |      0 |      0 |    566 |   1 |  685.0 |
      Gauntlet |    166 |    166 |      0 |      0 |      0 |   1 |  166.0 |
               +--------+--------+--------+--------+--------+-----+--------+

Top non-repeatable levels by time:
     D:9: 1493 daAuts
     D:8: 1397 daAuts
     D:4: 1261 daAuts
     D:3: 1154 daAuts
     D:1: 1104 daAuts
     D:7: 1097 daAuts
    D:10: 1057 daAuts
     D:6: 1056 daAuts
     D:5: 946 daAuts
     D:2: 823 daAuts
   Sewer: 685 daAuts
    D:11: 476 daAuts
Gauntlet: 166 daAuts
  Temple: 40 daAuts
